 Dungeon Crawl Stone Soup version 0.31-a0-435-g2c6fae2916 (webtiles) character file.

Game seed: 15780395442963868241

217 randomguy2701 the Trooper (level 5, -2/70 HPs)
             Began as a Hill Orc Monk on Aug 2, 2023.
             Slain by an orc
             ... wielding a +0 flail
              (7 damage)
             ... on level 4 of the Dungeon.
             The game lasted 00:06:45 (3292 turns).

randomguy2701 the Trooper (Hill Orc Monk)           Turns: 3292, Time: 00:06:46

Health: -2/70      AC: 14    Str: 14    XL:     5   Next: 94%
Magic:  5/5        EV:  0    Int: 10    God:
Gold:   70         SH:  0    Dex: 15    Spells: 4/4 levels left

rFire   + . .        j - +0 spear
rCold   + . .        d - orb {light}
rNeg    . . .        l - +0 gold dragon scales
rPois   +            q - +0 helmet
rElec   .            (no cloak)
rCorr   .            (no gloves)
SInv    .            (no boots)
Will    .....        (no amulet) Stlth
                     (no ring)
HPRegen 0.31/turn    (no ring)
MPRegen 0.09/turn

%: no passive effects
@: berserking, lethally poisoned (-2 -> -11), glowing, very quick
A: no striking features
a: no special abilities


You were on level 4 of the Dungeon.
You visited 1 branch of the dungeon, and saw 4 of its levels.

You collected 100 gold pieces.
You spent 30 gold pieces at shops.

Inventory:

Hand Weapons
 a - a +0 hand axe
 j - a +0 spear (weapon)
 k - a +1 hand axe of freezing
Armour
 b - a +0 kite shield
 d - an orb of light (worn)
 i - a scarf of shadows
 l - +0 gold dragon scales (worn)
 q - a +0 helmet (worn)
Jewellery
 g - a ring of fire
 m - a ring of poison resistance
Scrolls
 f - a scroll of noise {unknown}
 h - 3 scrolls of vulnerability {unknown}
 p - a scroll of enchant weapon {unknown}
 s - 4 scrolls of identify {unknown}
 t - a scroll of teleportation {unknown}
 v - a scroll of immolation {unknown}
Potions
 c - a potion of ambrosia
 n - a potion of enlightenment {unknown}
 o - a potion of heal wounds {unknown}
 r - a potion of degeneration {unknown}
 u - a potion of lignification {unknown}


   Skills:
 + Level 4.9 Fighting
 - Level 4.8(5.4) Axes
 + Level 3.1(4.1) Polearms
 + Level 2.2 Armour
 + Level 2.9 Dodging
 + Level 0.1 Stealth
 - Level 0.2 Shields


You had 4 spell levels left.
You didn't know any spells.
Your spell library contained the following spells:

 Spells                   Type           Power      Damage    Failure   Level
 Stone Arrow              Conj/Erth      0%         3d7       100%        3
 Animate Armour           Summ/Erth      0%         N/A       100%        4
 Lehudib's Crystal Spear  Conj/Erth      0%         10d2      100%        8


Dungeon Overview and Level Annotations

Branches:
Dungeon (4/15)
 Temple: D:4-7

Altars:
Nemelex Xobeh

Shops:
D:2 *(


Message History

You hit the kobold.
You kill the kobold!
The scorpion stings you.
You are poisoned.
The scorpion poisons you!
An orc comes into view. It is wielding a +0 mace.
The orc hits you but does no damage. The scorpion attacks as you move away!
The scorpion stings you but does no damage.
You feel very sick.
The scorpion stings you but does no damage.
Items here: $ )) †.
You feel very sick.
You see here an adder corpse.
The orc shouts!
You hit the scorpion but do no damage.
You feel sick. The scorpion stings you.
You barely miss the scorpion.
You feel sick.
The scorpion stings you but does no damage.
You hit the scorpion.
The scorpion is lightly wounded.
You feel sick. The orc hits you but does no damage. The scorpion stings you.
You are lethally poisoned!
The scorpion poisons you!
You hit the scorpion but do no damage.
The scorpion is lightly wounded.
* * * LOW HITPOINT WARNING * * *
You feel very sick. The orc hits you with a +0 flail.
* * * LOW HITPOINT WARNING * * *
The scorpion stings you but does no damage.
It was a potion of berserk rage.
A red film seems to cover your vision as you go berserk!
You feel yourself moving faster!
You feel mighty!
* * * LOW HITPOINT WARNING * * *
You feel very sick.
The scorpion stings you but does no damage.
An orc comes into view. It is wielding a +0 hand axe.
An orc comes into view. It is wielding a +0 flail.
The orc hits you with a +0 flail!
You die...

#..####.........
##.$.#..#....oo..
#.......#........
........$.........
...............$..
...........oo....#
..........#o....#
.....?...os##.###
........@##..###
...
............[...
....
.##..)....###..
#... ###.††....#
#... #...).....###
#.. ##...........#
##
##.###........##..#
#..#...###.......#
....
.....†.<.#...#####
#...


You could see a scorpion and 6 orcs.

Vanquished Creatures
  2 hounds (D:4)
  4 adders
  4 worms
  3 dart slugs
  2 orcs
  8 ball pythons
  6 bats
  5 endoplasms
  5 giant cockroaches
  14 goblins
  10 hobgoblins
  11 jackals
  3 quokkas
  4 frilled lizards
  6 kobolds
  6 rats
93 creatures vanquished.

Notes
Turn   | Place    | Note
-------+----------+-------------------------------------------
     0 | D:1      | randomguy2701 the Hill Orc Monk began the quest for the
                  | Orb.
     0 | D:1      | Reached XP level 1. HP: 19/19 MP: 1/1
    12 | D:1      | Found a faded altar of an unknown god.
   115 | D:1      | Reached XP level 2. HP: 27/27 MP: 2/2
   536 | D:1      | Reached XP level 3. HP: 33/33 MP: 3/3
  1385 | D:2      | Found Weisaniphamp's Weapon Emporium.
  1440 | D:2      | Bought a +0 spear for 30 gold pieces
  1873 | D:2      | Reached XP level 4. HP: 27/41 MP: 4/4
  2265 | D:2      | Reached skill level 1 in Armour
  2283 | D:2      | Reached skill level 1 in Polearms
  2325 | D:2      | Found Jolyth's General Store.
  2794 | D:3      | Found a sparkling altar of Nemelex Xobeh.
  2809 | D:3      | Reached XP level 5. HP: 46/47 MP: 5/5
  3292 | D:4      | Slain by an orc

Illustrated notes

Levels and vault maps discovered:
D:1:      dpeg_arrival_tiny_a, layout_basic, ebering_ecumenical_altar_hall
D:2:      layout_basic, serial_shops, nicolae_square_shop, shop
D:3:      layout_rooms, mainiacjoe_overflow_brackets, saegor_snake_ambush
D:4:      layout_cave_pools, minmay_temple_entry_waves,
          chequers_serial_rivers_micro_d

Skill      XL: |  1  2  3  4  5 |
---------------+----------------+-----
Fighting       | 4 |  4.9
Armour         | 1 2 |  2.2
Polearms       | 1 3 |  3.1
Axes           | |  4.8
Dodging        | |  2.9
Stealth        | |  0.1
Shields        | |  0.2

Action                     |  1- 3 |  4- 6 || total
---------------------------+-------+-------++-------
  Melee: Hand axe          |    76 |       ||    76
         Spear             |    78 |   237 ||   315
    Use: Potion            |       |     1 ||     1
 Armour: Robe              |     6 |       ||     6
         Gold dragon scale |    83 |   270 ||   353
  Dodge: Dodged            |    40 |     9 ||    49
  Block: Kite shield       |    27 |       ||    27

Table legend: (Time is in decaauts)
 A = Elapsed time spent in this place.
 B = Non-inter-level travel time spent in this place.
 C = Inter-level travel time spent in this place.
 D = Time resting spent in this place.
 E = Time spent auto-exploring this place.
 F = Levels seen in this place.
 G = Mean time per level.
                   A        B        C        D        E       F      G
               +--------+--------+--------+--------+--------+-----+--------+
         Total |   3317 |   2998 |    319 |      0 |   2254 |   4 |  829.2 |
       Dungeon |   3317 |   2998 |    319 |      0 |   2254 |   4 |  829.2 |
               +--------+--------+--------+--------+--------+-----+--------+

Top non-repeatable levels by time:
     D:1: 1389 daAuts
     D:3: 948 daAuts
     D:2: 788 daAuts
     D:4: 190 daAuts
